 Dungeon Crawl Stone Soup version 0.27.0-1-g7a089689b8 (webtiles) character file.

Game seed: 10110656128051733066

386 Conn the Magician (level 6, 0/33 HPs)
             Began as a Deep Elf Fire Elementalist on Aug 6, 2021.
             Slain by an orc warrior (17 damage)
             ... on level 3 of the Dungeon.
             The game lasted 00:08:34 (3616 turns).

Conn the Magician (Deep Elf Fire Elementalist)      Turns: 3616, Time: 00:08:34

Health: 0/33       AC:  2    Str:  5    XL:     6   Next: 48%
Magic:  0/15       EV: 13    Int: 22    God:
Gold:   19         SH:  0    Dex: 15    Spells: 4/15 levels left

rFire    . . .     SeeInvis .   i - +0 rapier
rCold    . . .     Faith    .   (no shield)
rNeg     . . .     Spirit   .   a - +0 robe
rPois    .         Reflect  .   (no helmet)
rElec    .         Harm     .   (no cloak)
rCorr    .         Rampage  .   (no gloves)
Will     .....                  (no boots)
Stlth    +++.......             (no amulet)
HPRegen  0.11/turn              n - +4 ring of slaying
MPRegen  0.14/turn              (no ring)

@: very slightly contaminated
A: no striking features
a: no special abilities


You were on level 3 of the Dungeon.
You visited 1 branch of the dungeon, and saw 4 of its levels.

You collected 175 gold pieces.
You spent 156 gold pieces at shops.

Inventory:

Hand Weapons
 d - a +0 dagger
 i - a +0 rapier (weapon)
Missiles
 c - 50 sling bullets
Armour
 a - a +0 robe (worn)
 l - the +5 ring mail of Paisez {Harm SInv}
   (You found it on level 4 of the Dungeon)

   SInv:      It lets you see invisible.
   Harm:      It increases damage dealt and taken.
Jewellery
 n - a +4 ring of slaying (left hand)
Scrolls
 e - 4 scrolls of blinking
 f - 3 scrolls of noise {unknown}
 g - 2 scrolls of teleportation
 m - a scroll of magic mapping {unknown}
 o - 2 scrolls of identify
Potions
 b - 2 potions of brilliance
 h - a potion of haste
 j - a potion of curing
 k - 4 potions of heal wounds
 p - a potion of lignification


   Skills:
 + Level 0.8 Fighting
 + Level 1.9 Short Blades
 + Level 3.4 Dodging
 + Level 3.8 Stealth
 + Level 5.0 Spellcasting
 * Level 2.9 Conjurations
 + Level 5.0 Fire Magic


You had 4 spell levels left.
You knew the following spells:

 Your Spells              Type           Power      Damage    Failure   Level
a - Foxfire               Conj/Fire      92%        2x1d8     1%          1
b - Conjure Flame         Conj/Fire      23%        6-21      6%          3
c - Inner Flame           Hex/Fire       16%        N/A       11%         3
d - Sticky Flame          Conj/Fire      23%        2d4       21%         4

Your spell library contained the following spells:

 Spells                   Type           Power      Damage    Failure   Level
 Fireball                 Conj/Fire      11%        3d7       50%         5


Dungeon Overview and Level Annotations

Branches:
Dungeon (4/15)
 Temple: D:4-7

Altars:

Shops:
D:3 !


Message History

Unknown command.
Casting: Foxfire (safe; 1% risk of failure)
Confirm with . or Enter, or press ? or * to list all spells.
You conjure some foxfire!
Unknown command.
The foxfire hits the orc warrior but does no damage.
The orc warrior is severely wounded.
The foxfire hits the orc warrior but does no damage.
The orc warrior is severely wounded.
The orc warrior closely misses you.
Casting: Foxfire (safe; 1% risk of failure)
Confirm with . or Enter, or press ? or * to list all spells.
The spell is extremely dangerous to cast (21% risk of failure)!
Continue anyway?
Aiming: Sticky Flame (extremely dangerous; 21% risk of failure)
Press: ? - help, Shift-Dir - straight line, f - orc warrior
Aim: an orc warrior, wielding a +0 flail and wearing a +0 plate armour (severely wounded, 100% to hit)
You miscast Sticky Flame.
You are very lightly contaminated with residual magic.
Nothing appears to happen.
The orc warrior hits you with a +0 flail!
Unknown command.
Unknown command.
Casting: Sticky Flame (extremely dangerous; 21% risk of failure)
Confirm with . or Enter, or press ? or * to list all spells.
You don't have enough magic to cast this spell.
Unknown command.
Unknown command.
Casting: Sticky Flame (extremely dangerous; 21% risk of failure)
Confirm with . or Enter, or press ? or * to list all spells.
The spell is extremely dangerous to cast (21% risk of failure)!
Continue anyway?
Aiming: Sticky Flame (extremely dangerous; 21% risk of failure)
Press: ? - help, Shift-Dir - straight line, f/p - orc warrior
Aim: an orc warrior, wielding a +0 flail and wearing a +0 plate armour (severely wounded, 100% to hit)
The sticky flame hits the orc warrior but does no damage.
The orc warrior is severely wounded.
The orc warrior is covered in liquid flames!
The orc warrior burns!
The orc warrior hits you with a +0 flail!
Ouch! That really hurt!
You die...

# #)# # #.# #.#
##### #.# ....#
#.# ###.# #.# #.#
#.# #.# #.# #.#
#@# #.# #o# #.#
#.# ###.#######
#.# ..........#
#.#
......)...######.#
.#...##|.........#
o######.#.########
<# #.#.#####


You could see an orc warrior (burning).

Vanquished Creatures
  A black bear (D:4)
  A phantom (D:4)
  A howler monkey (D:4)
  A hound (D:4)
  An iguana (D:3)
  An orc wizard (D:3)
  4 adders
  An ufetubus (D:4)
  A dart slug (D:1)
  3 orcs (D:3)
  6 endoplasms
  A giant cockroach (D:1)
  6 goblins
  6 hobgoblins
  6 kobolds
  A quokka (D:1)
  7 ball pythons
  6 bats
  2 frilled lizards
  A jackal skeleton (D:4)
  A quokka skeleton (D:4)
  2 rats
60 creatures vanquished.

Vanquished Creatures (others)
  218 foxfires
218 creatures vanquished.

Grand Total: 278 creatures vanquished

Notes
Turn   | Place    | Note
-------+----------+-------------------------------------------
     0 | D:1      | Conn the Deep Elf Fire Elementalist began the quest for the
                  | Orb.
     0 | D:1      | Reached XP level 1. HP: 10/10 MP: 6/6
   121 | D:1      | Reached XP level 2. HP: 15/15 MP: 2/8
  1739 | D:2      | Reached XP level 3. HP: 18/19 MP: 5/9
  2356 | D:3      | Noticed an orc warrior
  2358 | D:3      | Reached XP level 4. HP: 20/24 MP: 3/11
  2395 | D:4      | Noticed a phantom
  2403 | D:4      | Killed a phantom
  2404 | D:4      | Reached skill level 1 in Short Blades
  2404 | D:4      | Reached XP level 5. HP: 23/28 MP: 0/13
  2526 | D:4      | Noticed a black bear
  2543 | D:4      | Killed a black bear
  2987 | D:4      | Reached XP level 6. HP: 33/33 MP: 9/15
  2990 | D:4      | Identified the +5 ring mail of Paisez {Harm SInv}
  3012 | D:4      | Learned a level 3 spell: Conjure Flame
  3016 | D:4      | Learned a level 3 spell: Inner Flame
  3021 | D:4      | Learned a level 4 spell: Sticky Flame
  3272 | D:3      | Found Eclastro's Distillery.
  3283 | D:3      | Bought a potion of heal wounds for 60 gold pieces
  3283 | D:3      | Bought a potion of heal wounds for 60 gold pieces
  3283 | D:3      | Bought a potion of lignification for 36 gold pieces
  3478 | D:3      | Reached skill level 5 in Spellcasting
  3478 | D:3      | Reached skill level 5 in Fire Magic
  3616 | D:3      | Slain by an orc warrior

Illustrated notes

Levels and vault maps discovered:
D:1:      heliophobic_arrival_battle_scene, layout_basic
D:2:      layout_loops_ring, hex_tiny, minmay_fractal_squares_gapless_5
D:3:      layout_loops_ring, lightli_temple_of_fire, serial_shops,
          nicolae_shop_waterfront
D:4:      minmay_spotlight, layout_rooms

Skill      XL: |  1  2  3  4  5  6 |
---------------+-------------------+-----
Fire Magic     | 4 5 |  5.0
Short Blades   | 1 |  1.9
Dodging        | 3 |  3.4
Stealth        | 3 |  3.8
Spellcasting   | 4 5 |  5.0
Conjurations   | 2 |  2.9
Fighting       | |  0.8

Action                   |  1- 3 |  4- 6 || total
-------------------------+-------+-------++-------
Melee: Dagger            |     7 |       ||     7
       Rapier            |    17 |     3 ||    20
 Cast: Foxfire           |    56 |    74 ||   130
       Conjure Flame     |       |     1 ||     1
       Sticky Flame      |       |     1 ||     1
  Use: Scroll            |     1 |     3 ||     4
       Potion            |       |     2 ||     2
 Stab: Sleeping          |     3 |       ||     3
Armor: Robe              |    14 |     1 ||    15
Dodge: Dodged            |    26 |    13 ||    39
